 Dungeon Crawl Stone Soup version 0.27.1-1-g398f81649c (console) character file.

Game seed: 12375931495092538461

3152 thromnambular the Skirmisher (level 10, -4/76 HPs)
             Began as a Djinni Delver on Sept 13, 2021.
             Was a Follower of Trog.
             Slain by a yak (12 damage)
             ... on level 8 of the Dungeon.
             The game lasted 00:26:44 (11179 turns).

thromnambular the Skirmisher (Djinni Delver)       Turns: 11179, Time: 00:26:45

Health: -4/76      AC: 13    Str: 14    XL:     10   Next: 15%
Gold:   701        EV: 12    Int: 12    God:    Trog [*.....] SH:  0 Dex: 21

rFire    + + .     SeeInvis .   a - +4 scimitar
rCold    . . .     Faith    .   (no shield)
rNeg     . . .     Spirit   .   v - +2 scale mail {rC+}
rPois    ∞         Reflect  .   (no helmet)
rElec    .         Harm     .   k - +1 cloak
rCorr    .         Rampage  .   e - +0 pair of gloves
Will     +....                  (boots unavailable)
Stlth    ++........             (no amulet)
HPRegen  0.22/turn              x - +6 ring of dexterity
MPRegen  0.00/turn              (no ring)

@: on berserk cooldown, flying, slowed, very slow
A: sickness immunity, fire resistance 2, cold vulnerability 1, float, innate
caster, hp casting, extra vitality 1
a: Renounce Religion, Berserk


You were on level 8 of the Dungeon.
You worshipped Trog.
Trog was aware of your devotion.
You visited 1 branch of the dungeon, and saw 9 of its levels.

You collected 895 gold pieces.
You spent 194 gold pieces at shops.

Inventory:

Hand Weapons
 a - a +4 scimitar (weapon)
Missiles
 h - 16 poisoned darts (quivered)
Armour
 e - a +0 pair of gloves (worn)
 k - a +1 cloak (worn)
 v - a +2 scale mail of cold resistance (worn)
Jewellery
 x - a +6 ring of dexterity (left hand)
Wands
 g - a wand of digging (6)
 i - a wand of iceblast (1)
 z - a wand of acid (10)
Scrolls
 c - 2 scrolls of fog
 j - a scroll of magic mapping
 m - 3 scrolls of enchant armour
 n - 2 scrolls of amnesia
 r - 2 scrolls of teleportation
 u - 2 scrolls of immolation
Potions
 b - a potion of magic
 d - a potion of brilliance {unknown}
 f - a potion of haste
 l - a potion of mutation {unknown}
 o - 2 potions of berserk rage
 p - 2 potions of lignification {unknown}
 q - a potion of might {unknown}
 s - 2 potions of curing
 t - 2 potions of attraction
 w - a potion of heal wounds {unknown}


   Skills:
 + Level 7.6 Fighting
 + Level 7.4 Long Blades
 - Level 2.1 Throwing
 + Level 6.1 Armour
 - Level 5.1 Dodging
 - Level 4.1 Stealth
 - Level 2.0 Evocations


You had one spell level left.
You knew the following spells:

 Your Spells              Type           Power      Damage    Failure   Level
a - Corona                Hex            0%         N/A       77%         1
b - Static Discharge      Conj/Air       0%         N/A       88%         2
c - Wereblood             Tmut           0%         N/A       88%         2
d - Teleport Other        Tloc           0%         N/A       98%         3
Your spell library was empty.

Dungeon Overview and Level Annotations

Branches:
Dungeon (9/15)             Temple (0/1) D:7
   Lair: D:8-11         Orc: D:9-12

Altars:
Cheibriados
Elyvilon
Fedhas
Nemelex Xobeh
Okawaru
Sif Muna
Trog
Vehumet
Wu Jian
Xom
Zin
The Shining One

Shops:
D:5 *   D:6 =?[[*   D:7 *

Annotations:
D:7 1 runed translucent door, exclusion: 3 doors, ZARRMARR's ghost, novice OpCj


Innate Abilities, Weirdness & Mutations

You are immune to sickness and miasma.
You are immune to poison.
Your flesh is very heat resistant. (rF++)
You are vulnerable to cold. (rC-)
You float through the air rather than walking.
You learn spells naturally, not from books.
Your magical power is your life essence.
You have superior vitality. (+4 HP)


Message History

* * * LOW HITPOINT WARNING * * *
You slash the yak!
You kill the yak!
Trog accepts your kill. The yak gores you.
* * * LOW HITPOINT WARNING * * *
Your Armour skill increases to level 6!
You closely miss the yak.
The yak is moderately wounded.
The yak gores you but does no damage. x2
You hit the yak.
The yak is moderately wounded.
The yak barely misses you.
You slash the yak!
The yak is heavily wounded.
The yak barely misses you.
You closely miss the yak.
The yak is heavily wounded.
The yak gores you!
* * * LOW HITPOINT WARNING * * *
The yak gores you but does no damage.
You slice the yak!!
The yak is almost dead.
The yak gores you but does no damage.
You hit the yak.
You kill the yak!
Trog accepts your kill.
You slash the yak!
The yak is moderately wounded.
The yak gores you.
* * * LOW HITPOINT WARNING * * *
You barely miss the yak.
The yak is moderately wounded.
The yak gores you but does no damage.
You slash the yak!
The yak is heavily wounded.
You are no longer berserk.
You are exhausted.
You feel yourself slow down. The yak gores you!
You die...

# ### ### ##
###.#####.### .##
#......##...##
#.####...........###
#..###......Y......#
.....#...#####.#Y###
.........# ###@†#
.........## #...#
..#.....#.### #...#
........#...####.##
..#..........# ###
####........##
####.........# #####
............##
#...##
............##
##....#


You could see a yak.

Vanquished Creatures
  Joseph (D:7)
  Sigmund (D:5)
  2 yaks (D:8)
  Duvessa (D:7)
  2 sky beasts
  3 black bears
  2 ogres (D:5)
  2 centaurs
  A kobold brigand (D:8)
  2 scorpions
  2 water moccasin zombies (D:5)
  Dowan (D:7)
  A wight (D:7)
  5 howler monkeys
  A bullfrog zombie (D:7)
  A centaur skeleton (D:5)
  A hound (D:5)
  5 jellies
  2 centaur zombies (D:8)
  2 orc priests
  5 iguanas
  Ijyb (D:5)
  2 bullfrog skeletons
  3 orc wizards
  2 killer bee zombies (D:7)
  12 adders
  An adder skeleton (D:4)
  A worm (D:3)
  26 orcs
  11 ball pythons
  6 bats
  5 endoplasms
  5 giant cockroaches
  12 goblins
  7 hobgoblins
  2 jackals (D:1)
  3 quokkas
  3 frilled lizards
  15 kobolds
  A quokka skeleton (D:4)
  4 rats
165 creatures vanquished.

Vanquished Creatures (others)
  5 plants (D:5)
5 creatures vanquished.

Grand Total: 170 creatures vanquished

Notes
Turn   | Place    | Note
-------+----------+-------------------------------------------
     0 | D:5      | thromnambular the Djinni Delver began the quest for the
                  | Orb.
     0 | D:5      | Reached XP level 1. HP: 20/20 MP: 0/0
     0 | D:5      | Found a sand-covered staircase.
     1 | D:5      | Noticed an orc wizard
    45 | D:5      | Noticed a jelly
    93 | D:4      | Noticed a jelly
   318 | D:1      | Reached XP level 2. HP: 21/25 MP: 0/0
   775 | D:1      | Reached XP level 3. HP: 30/30 MP: 0/0
   775 | D:1      | Learned a level 1 spell: Corona
  1938 | D:2      | Reached XP level 4. HP: 32/35 MP: 0/0
  2010 | D:2      | Reached skill level 1 in Throwing
  2736 | D:3      | Reached XP level 5. HP: 40/40 MP: 0/0
  2736 | D:3      | Learned a level 2 spell: Static Discharge
  2875 | D:3      | Reached skill level 1 in Armour
  3806 | D:4      | Found a white marble altar of Elyvilon.
  4292 | D:4      | Reached XP level 6. HP: 46/46 MP: 0/0
  4699 | D:5      | Noticed an ogre
  4703 | D:5      | Noticed an ogre
  4716 | D:5      | Found an iron altar of Okawaru.
  4717 | D:5      | Noticed Ijyb
  4953 | D:5      | Found a bloodstained altar of Trog.
  4968 | D:5      | Reached XP level 7. HP: 45/51 MP: 0/0
  4968 | D:5      | Learned a level 2 spell: Wereblood
  4974 | D:5      | Became a worshipper of Trog the Wrathful
  5593 | D:5      | Found a glowing silver altar of Zin.
  5691 | D:5      | Noticed Sigmund
  6500 | D:5      | Reached skill level 5 in Fighting
  6500 | D:5      | Reached skill level 1 in Evocations
  6500 | D:5      | Reached XP level 8. HP: 17/59 MP: 0/0
  6723 | D:5      | Killed Ijyb
  6780 | D:5      | Killed Sigmund
  6781 | D:5      | Reached skill level 5 in Long Blades
  7223 | D:5      | Found Raedak's Assorted Antiques.
  7230 | D:5      | Bought a scroll labelled PYRAEF MEAX for 26 gold pieces
  7230 | D:5      | Bought a pink potion for 23 gold pieces
  7230 | D:5      | Bought a golden potion for 23 gold pieces
  7320 | D:5      | Found a snail-covered altar of Cheibriados.
  7323 | D:5      | Found a blossoming altar of Fedhas.
  7324 | D:5      | Found an ornate altar of the Wu Jian Council.
  7405 | D:6      | Found Qutt's General Store.
  7823 | D:6      | Reached XP level 9. HP: 60/66 MP: 0/0
  7823 | D:6      | Learned a level 3 spell: Teleport Other
  8009 | D:6      | Found Kor Kolo's Antique Armour Emporium.
  8286 | D:6      | Found Weethate's Magic Scroll Emporium.
  8294 | D:6      | Bought a scroll of teleportation for 39 gold pieces
  8309 | D:6      | Found Abaz's Jewellery Shop.
  8318 | D:6      | Found Oxaimur's Armour Shop.
  8455 | D:6      | Reached skill level 5 in Dodging
  8681 | D:6      | Bought a +0 pair of gloves for 63 gold pieces
  8977 | D:7      | Found a staircase to the Ecumenical Temple.
  9277 | D:7      | Found a sparkling altar of Nemelex Xobeh.
  9399 | D:7      | Noticed Dowan
  9415 | D:7      | Killed Dowan
  9424 | D:7      | Noticed Duvessa
  9445 | D:7      | Killed Duvessa
  9758 | D:7      | Reached skill level 5 in Armour
  9766 | D:7      | Found Femeru's General Store.
  9769 | D:7      | Noticed Joseph
  9775 | D:7      | Killed Joseph
  9775 | D:7      | Reached * piety under Trog
  9783 | D:7      | Bought a scroll of identify for 20 gold pieces
  9867 | D:7      | Found a runed translucent door.
  9867 | D:7      | Found a shimmering altar of Xom.
  9867 | D:7      | Noticed ZARRMARR's ghost (novice OpCj)
  9868 | D:7      | Noticed a +2 dagger of chaos
  9878 | D:7      | Found a glowing golden altar of the Shining One.
  9897 | D:7      | Noticed a slime creature
  9918 | D:7      | Noticed a skeletal warrior
 10037 | D:8      | Identified a scroll of acquirement
 10038 | D:8      | Acquired 572 gold pieces
 10319 | D:8      | Reached XP level 10. HP: 65/75 MP: 0/0
 11179 | D:8      | Slain by a yak

Illustrated notes

Levels and vault maps discovered:
D:1:      scummos_arrival_simple_fountains, layout_basic
D:2:      layout_basic
D:3:      layout_basic, st_stairs_3
D:4:      layout_basic, chequers_temple_overflow_statue_of_worship
D:5:      layout_loops_ring, mainiacjoe_overflow_concentric_impassable,
          zin_academy, lemuel_doored_altar, grunt_temple_overflow_open,
          portal_sewer_entry_a, serial_shops, nicolae_shop_overgrown_old_shop,
          enter_ossuary_1, uniq_ijyb, uniq_sigmund
D:6:      layout_loops_ring, serial_shops, shop, shop, nicolae_shop_crystal,
          shop, nicolae_shop_stone
D:7:      layout_cave_pools, nemelex_spade_bored_becter, kennysheep_mini_moat,
          minmay_temple_entry_crystal_x, ebering_ghost_xom, serial_shops, shop,
          minmay_three_doors, uniq_joseph, uniq_duvessa
D:8:      layout_cave_pools, mainiacjoe_overflow_six_doors_small
D:9:      hangedman_cross_veins, layout_loops_ring, minivault_16,
          hangedman_ranch

Skill      XL: |  1  2  3  4  5  6  7  8  9 10 |
---------------+-------------------------------+-----
Long Blades    | 2 3 4 5 7 |  7.4
Throwing       | 1 2 |  2.1
Armour         | 2 3 4 5 6 |  6.1
Fighting       | 5 7 |  7.6
Evocations     | 1 2 |  2.0
Dodging        | 4 5 |  5.1
Stealth        | |  4.1

Action                   |  1- 3 |  4- 6 |  7- 9 | 10-12 || total
-------------------------+-------+-------+-------+-------++-------
Melee: Falchion          |   107 |   153 |   166 |       ||   426
       Long sword        |       |       |   189 |    20 ||   209
       Scimitar          |       |       |       |    22 ||    22
Throw: Boomerang         |    20 |    83 |    10 |     8 ||   121
       Dart              |       |       |    91 |     1 ||    92
Invok: Berserk           |       |       |       |     1 ||     1
Evoke: Wand              |       |       |    15 |       ||    15
  Use: Scroll            |     4 |     4 |     6 |       ||    14
       Potion            |       |       |     7 |     1 ||     8
 Stab: Sleeping          |     5 |     4 |       |       ||     9
Armor: Leather armour    |     3 |       |       |       ||     3
       Ring mail         |    42 |    73 |   127 |       ||   242
       Scale mail        |       |       |    71 |    20 ||    91
Dodge: Dodged            |    79 |    80 |   246 |    30 ||   435
       Rpst.: Falchion   |    33 |    31 |    33 |       ||    97
       Long sword        |       |       |    31 |     2 ||    33
       Scimitar          |       |       |       |     1 ||     1
